 Dungeon Crawl Stone Soup version 0.21.1-1-g345015f (webtiles) character file.

89819 equalderp2856 the Severer (level 15, -2/138 HPs)
             Began as a Minotaur Fighter on May 12, 2018.
             Killed from afar by a shock serpent (33 damage)
             ... with a bolt of electricity
             ... on level 2 of the Snake Pit.
             The game lasted 01:21:28 (32837 turns).

equalderp2856 the Severer (Minotaur Fighter)       Turns: 32837, Time: 01:21:37

Health: -2/138     AC: 24    Str: 23    XL:     15   Next: 50%
Magic:  16/16      EV: 10    Int: 14    God:
Gold:   1850       SH: 17    Dex: 20    Spells: 14/14 levels left

rFire    + . .     SeeInvis .   c - +6 broad axe (chop)
rCold    x . .     Gourm    .   r - +2 shield
rNeg     . . .     Faith    .   S - +2 plate armour {rF+}
rPois    .         Spirit   .   e - +2 hat {Int+3}
rElec    .         Reflect  .   l - scarf {cloud immunity}
rCorr    .         Harm     .   K - +0 pair of gloves
MR       ++++.                  A - +1 pair of boots of Makhleb's Favour {Int+3}
Stlth    ..........             (no amulet)
HPRegen  0.33/turn              C - +4 ring of dexterity
MPRegen  0.15/turn              x - ring "Arino" {Wiz rC- MR+++ Dex+5}

@: lethally poisoned (-2 -> -6), starving
A: retaliatory headbutt, horns 2
a: no special abilities


You were on level 2 of the Snake Pit.
You were starving.

You visited 4 branches of the dungeon, and saw 21 of its levels.
You also visited: Labyrinth, Ossuary and Volcano.

You collected 2448 gold pieces.
You spent 598 gold pieces at shops.

Inventory:

Hand Weapons
 c - a +6 broad axe of chopping (weapon)
 V - the +7 spear "Umiciax" {elec, rN+}
   (You took it off a wight on level 9 of the Dungeon)

   Occasionally, upon striking a foe, it will discharge some electrical energy
   and cause terrible harm.
   It protects you from negative energy.
Armour
 e - a +2 hat of intelligence (worn)
 l - a scarf of cloud immunity (worn)
 r - a +2 shield (worn)
 A - the +1 pair of boots of Makhleb's Favour (worn) {Int+3}
   (You acquired it on level 6 of the Lair of Beasts)

   It affects your intelligence (+3).
 I - a scarf of repulsion
 K - a +0 pair of gloves (worn)
 S - a +2 plate armour of fire resistance (worn)
 Y - a +1 plate armour of cold resistance
Jewellery
 x - the ring "Arino" (right hand) {Wiz rC- MR+++ Dex+5}
   (You took it off a minotaur in a labyrinth)

   [ring of wizardry]

   It improves your spell success rate.
   It affects your dexterity (+5).
   It makes you vulnerable to cold.
   It affects your resistance to hostile enchantments.
 B - an uncursed ring of wizardry
 C - a +4 ring of dexterity (left hand)
 O - an uncursed ring of protection from magic
 R - an uncursed ring of poison resistance
 T - an uncursed ring of protection from magic
Wands
 b - a wand of digging (30)
 n - a wand of iceblast (8)
 G - a wand of clouds (10)
 N - a wand of enslavement (9)
 X - a wand of acid (24)
Scrolls
 g - 3 scrolls of blinking
 i - 3 scrolls of immolation
 j - 6 scrolls of amnesia
 k - 15 scrolls of remove curse
 p - 7 scrolls of teleportation
 q - 2 scrolls of holy word
 t - 3 scrolls of fear
 u - 2 scrolls of enchant armour
 y - 4 scrolls of magic mapping
 D - 2 scrolls of fog
 M - a scroll of summoning
Potions
 a - a potion of agility
 d - 5 potions of might
 h - a potion of haste
 m - 2 potions of flight
 o - 5 potions of magic
 s - 2 potions of cancellation
 w - 2 potions of brilliance
 z - a potion of mutation
 E - 5 potions of berserk rage
 H - 2 potions of ambrosia
 J - 4 potions of resistance
 L - a potion of invisibility
 P - 5 potions of curing
 W - 4 potions of lignification
Books
 F - a book of Maledictions

   Spells                             Type                      Level
   a - Corona                         Hexes                        1
   b - Ensorcelled Hibernation        Hexes/Ice                    2
   c - Confuse                        Hexes                        3
   d - Tukima's Dance                 Hexes                        3
   e - Dazzling Spray                 Conjuration/Hexes            3
 Q - Dispater's Compendium of the Rocks and Summoning
   (You found it in a labyrinth)

   Spells                             Type                      Level
   a - Borgnjor's Vile Clutch         Necromancy/Earth             5
   b - Spellforged Servitor           Conjuration/Summoning        7
 U - a book of Battle

   Spells                             Type                      Level
   a - Infusion                       Charms                       1
   b - Shroud of Golubria             Charms/Translocation         2
   c - Song of Slaying                Charms                       2
   d - Spectral Weapon                Hexes/Charms                 3
   e - Regeneration                   Charms/Necromancy            3
Miscellaneous
 v - a lightning rod (4/4)
 Z - a box of beasts
Comestibles
 f - 28 rations


   Skills:
 + Level 14.1 Fighting
 + Level 19.0(19.1) Axes
 + Level 3.6(13.3) Polearms
 + Level 13.8 Armour
 + Level 4.8 Dodging
 + Level 3.2 Stealth
 + Level 15.5 Shields
 + Level 2.8 Evocations


You had 14 spell levels left.
You didn't know any spells.

Dungeon Overview and Level Annotations

Branches:
Dungeon (11/15)            Temple (0/1) D:5            Lair (6/6) D:11
  Swamp (0/4) Lair:3        Snake (2/4) Lair:3        Slime (0/5) Lair:5
    Orc (2/2) D:10            Elf (0/3) Orc:2

Altars:
Ashenzari
Cheibriados
Dithmenos
Hepliaklqana
Makhleb
Nemelex Xobeh
Qazlal
Xom
Beogh

Shops:
Orc:1 [   Orc:2 =(*[


Innate Abilities, Weirdness & Mutations

You reflexively headbutt those who attack you in melee.
You have a pair of horns on your head.


Message History

You feel sick.
A shock serpent comes into view.
You feel sick.
The shock serpent hisses angrily.
The shock serpent shoots out a bolt of lightning at you!
The bolt of electricity hits you!
You feel sick.
The shock serpent bites you but does no damage.
You feel sick. You block the shock serpent's attack.
You feel sick. The shock serpent bites you! The shock serpent shocks you!
The shock serpent bites you but does no damage.
You feel sick.
You slice the shock serpent!! Your headbutt misses the shock serpent.
The shock serpent is heavily wounded.
The shock serpent's electric aura discharges, shocking you!
* * * LOW HITPOINT WARNING * * *
You feel sick.
The shock serpent shoots out a bolt of lightning at you!
The bolt of electricity hits you!
You die...

#..#....##..#
####..(...##..#
##.......(.....####
......###().......#
........#.).....##
..###..##).###...#
....#..#.....#...##
...##..###..##..S.#
...#.....#..#...@.#
...###..##..###...#
#.......#........#.#
##.....)###......#.#
#....)........###.#
#...........### .#
#.>###......# ...##
####...# ..## ##..#


You could see a shock serpent.

Vanquished Creatures
  A nagaraja (Snake:2)
  2 orc warlords
  A minotaur (Lab)
  Snorg (D:11)
  The ghost of p0werm0de the Fighter, a journeyman OpWn of Cheibriados (D:11)
  3 catoblepae (Lair:6)
  3 hydras
  Harold (Lair:2)
  A naga warrior (Snake:2)
  2 anacondas (Snake:1)
  13 death yaks
  3 two-headed ogres
  Erica (D:8)
  5 orc high priests
  A queen ant (D:11)
  A shock serpent (Snake:1)
  2 naga sharpshooters
  4 naga ritualists (Snake:1)
  3 orc knights
  5 orc sorcerers
  8 mana vipers
  A cyclops (Orc:2)
  3 manticores
  18 black mambas
  2 salamanders (Snake:2)
  A guardian serpent (Snake:2)
  Maurice (D:8)
  3 gargoyles
  4 naga magi
  Psyche (D:10)
  4 rime drakes (Lair:4)
  10 spiny frogs
  6 komodo dragons
  An efreet (Volcano)
  2 polar bears
  4 trolls
  12 blink frogs
  15 hippogriffs
  2 spriggans
  5 wraiths
  5 wyverns
  2 fire elementals
  3 fire bats (Lair:4)
  49 yaks
  5 basilisks
  2 hungry ghosts
  6 wargs
  17 nagas
  20 soldier ants (D:11)
  19 water moccasins
  2 hell hounds
  6 porcupines
  6 ice beasts
  40 orc warriors
  A phantom (D:9)
  2 necrophages
  A black bear (Lair:6)
  2 sky beasts (D:10)
  5 wolves
  9 ogres
  11 centaurs
  10 crocodiles
  11 bullfrogs
  3 scorpions
  4 electric eels
  12 wights
  A howler monkey (D:11)
  2 crimson imps (D:5)
  2 quasits (D:9)
  21 orc priests
  4 hounds
  4 bullfrog zombies
  A gnoll shaman (D:4)
  A jelly (D:9)
  2 bullfrog skeletons
  Terence (D:3)
  2 iguanas
  34 orc wizards
  25 worker ants
  A hound zombie (D:6)
  A worker ant zombie (D:11)
  18 adders
  18 gnolls
  4 shadow imps
  2 oozes
  An adder zombie (Ossuary)
  2 adder skeletons
  4 worms
  2 dart slugs
  4 leopard geckos
  77 orcs
  2 ball pythons
  7 bats
  4 giant cockroaches
  5 goblins
  4 hobgoblins
  5 jackals
  3 quokkas
  3 frilled lizards
  A hobgoblin skeleton (Ossuary)
  A jackal skeleton (D:4)
  A jackal zombie (D:6)
  6 kobolds
  A leopard gecko skeleton (D:5)
  A leopard gecko zombie (D:6)
  4 orc skeletons (Ossuary)
  3 orc zombies (Ossuary)
  A quokka skeleton (D:4)
  10 rats
  7 fungi
  6 plants
719 creatures vanquished.

Vanquished Creatures (others)
  An orc wizard (Orc:1)
  2 bushes (Lair:3)
  8 fungi
  11 plants
22 creatures vanquished.

Grand Total: 741 creatures vanquished

Notes
Turn   | Place    | Note
-------+----------+-------------------------------------------
     0 | D:1      | equalderp2856 the Minotaur Fighter began the quest for the Orb.
     0 | D:1      | Reached XP level 1. HP: 19/19 MP: 0/0
   833 | D:2      | Reached XP level 2. HP: 27/27 MP: 1/1
  1093 | D:2      | Reached XP level 3. HP: 32/33 MP: 2/2
  1141 | D:2      | Reached skill level 3 in Axes
  1419 | D:3      | Reached XP level 4. HP: 34/40 MP: 3/3
  1469 | D:3      | Noticed Terence
  1474 | D:3      | Killed Terence
  1734 | D:3      | Reached skill level 4 in Axes
  1937 | D:3      | Reached XP level 5. HP: 34/46 MP: 4/4
  1950 | D:3      | Found a stormy altar of Qazlal.
  2150 | D:4      | Reached skill level 5 in Axes
  2150 | D:4      | Reached skill level 1 in Dodging
  2778 | D:4      | Reached skill level 5 in Armour
  2778 | D:4      | Reached XP level 6. HP: 49/53 MP: 5/5
  2995 | D:4      | Reached skill level 5 in Shields
  3076 | D:4      | Found a shadowy altar of Dithmenos.
  3077 | D:4      | Found a shattered altar of Ashenzari.
  3463 | D:5      | Entered Level 5 of the Dungeon
  3487 | D:5      | HP: 1/53 [centaur (3)]
  3544 | D:5      | Reached skill level 6 in Axes
  3544 | D:5      | Reached XP level 7. HP: 12/60 MP: 6/6
  3551 | D:5      | Found a sand-covered staircase.
  3661 | Ossuary  | Entered an ossuary
  3897 | Ossuary  | Noticed a wraith
  3897 | Ossuary  | Noticed a flying skull
  3916 | Ossuary  | Noticed a flying skull
  3918 | Ossuary  | Noticed a flying skull
  3920 | Ossuary  | Noticed a flying skull
  3973 | Ossuary  | Noticed a wraith
  3983 | Ossuary  | Killed a wraith
  4210 | Ossuary  | Noticed a flying skull
  4234 | Ossuary  | Noticed a wraith
  4241 | Ossuary  | Killed a wraith
  4241 | Ossuary  | Reached skill level 5 in Fighting
  4241 | Ossuary  | Reached skill level 7 in Axes
  4455 | D:5      | Reached XP level 8. HP: 35/68 MP: 7/7
  4542 | D:5      | Reached skill level 8 in Axes
  4799 | D:5      | Found a sparkling altar of Nemelex Xobeh.
  5070 | D:5      | Found a staircase to the Ecumenical Temple.
  5245 | D:6      | Reached skill level 9 in Axes
  5473 | D:6      | Reached skill level 1 in Stealth
  5729 | D:6      | Reached XP level 9. HP: 67/75 MP: 8/8
  6021 | D:7      | Reached skill level 10 in Axes
  7108 | D:8      | Found a snail-covered altar of Cheibriados.
  7201 | D:8      | Reached skill level 11 in Axes
  7520 | D:8      | Noticed Maurice
  7539 | D:8      | Killed Maurice
  7617 | D:8      | Noticed Erica
  7625 | D:8      | Killed Erica
  7625 | D:8      | Reached skill level 12 in Axes
  7625 | D:8      | Reached XP level 10. HP: 55/86 MP: 9/9
  8664 | D:9      | Reached skill level 1 in Evocations
  8841 | D:9      | Got a distressingly furry plate armour
  8975 | D:9      | Identified the +0 plate armour "Listramu" {-Cast rPois Slay+2} (You found it on level 9 of the Dungeon)
  9024 | D:9      | Reached skill level 13 in Axes
  9043 | D:9      | Got a polished spear {elec}
  9044 | D:9      | Identified the +7 spear "Umiciax" {elec, rN+} (You took it off a wight on level 9 of the Dungeon)
  9396 | D:10     | Entered Level 10 of the Dungeon
  9451 | D:10     | Noticed Psyche
  9454 | D:10     | Killed Psyche
  9510 | D:10     | Found a staircase to the Orcish Mines.
  9611 | D:10     | Reached skill level 1 in Polearms
  9830 | D:10     | Noticed a two-headed ogre
  9838 | D:10     | Killed a two-headed ogre
  9838 | D:10     | Reached XP level 11. HP: 46/93 MP: 11/11
 10453 | D:11     | Found a labyrinth entrance.
 10458 | Lab      | Entered a labyrinth
 10850 | Lab      | Noticed a minotaur
 10861 | Lab      | Killed a minotaur
 10877 | Lab      | Got an ancient brass ring
 11002 | Lab      | Identified Dispater's Compendium of the Rocks and Summoning
 11034 | Lab      | Identified the ring "Arino" {Wiz rC- MR+++ Dex+5} (You took it off a minotaur in a labyrinth)
 11974 | D:11     | Reached skill level 14 in Axes
 12120 | D:11     | Noticed a queen ant
 12158 | D:11     | Killed a queen ant
 12158 | D:11     | Reached skill level 10 in Armour
 12220 | D:11     | Noticed a two-headed ogre
 12266 | D:11     | Killed a two-headed ogre
 12541 | D:11     | Found a staircase to the Lair.
 12552 | D:11     | Reached skill level 15 in Axes
 12553 | D:11     | Reached skill level 10 in Shields
 12813 | D:11     | Noticed Snorg
 12829 | D:11     | Killed Snorg
 12904 | D:11     | Noticed p0werm0de's ghost (journeyman OpWn)
 12927 | D:11     | Killed p0werm0de's ghost
 12927 | D:11     | Reached XP level 12. HP: 82/104 MP: 12/12
 13035 | D:11     | Noticed a two-headed ogre
 13056 | D:11     | Killed a two-headed ogre
 13444 | Orc:1    | Entered Level 1 of the Orcish Mines
 13484 | Orc:1    | Found Wemiq's Antique Armour Emporium.
 13586 | Orc:1    | Found a shimmering altar of Xom.
 13596 | Orc:1    | Bought an embroidered scarf for 224 gold pieces
 13758 | Orc:2    | Entered Level 2 of the Orcish Mines
 13935 | Orc:2    | Found a staircase to the Elven Halls.
 13945 | Orc:2    | Noticed an orc high priest
 14202 | Orc:2    | Killed an orc high priest
 14611 | Orc:2    | Found a roughly hewn altar of Beogh.
 15360 | Orc:1    | Reached skill level 10 in Fighting
 15619 | Orc:2    | Reached skill level 16 in Axes
 15658 | Orc:2    | Noticed an orc high priest
 15659 | Orc:2    | Noticed an orc high priest
 16997 | Orc:1    | Killed an orc high priest
 17055 | Orc:2    | Killed an orc high priest
 17382 | Orc:2    | Noticed an orc high priest
 17603 | Orc:2    | Killed an orc high priest
 17787 | Orc:2    | Noticed an orc warlord
 17828 | Orc:2    | Killed an orc warlord
 17962 | Orc:2    | Reached XP level 13. HP: 115/115 MP: 13/13
 18319 | Orc:2    | Found Qonazaiw's General Store.
 18320 | Orc:2    | Found Dexotiq's Jewellery Emporium.
 18323 | Orc:2    | Found Nuofyih's Antique Armour Shoppe.
 18323 | Orc:2    | Found Orrajaerph's Antique Weapon Shoppe.
 18415 | Orc:2    | Bought a glowing shield for 202 gold pieces
 18445 | Orc:2    | Bought a +0 broad axe for 60 gold pieces
 18461 | Orc:2    | Bought a scroll of enchant weapon for 112 gold pieces
 18712 | Orc:1    | Noticed an orc warlord
 18821 | Orc:1    | Killed an orc warlord
 19925 | Lair:1   | Entered Level 1 of the Lair of Beasts
 20957 | Lair:2   | Noticed Harold
 21088 | Lair:2   | Killed Harold
 21688 | Lair:2   | Reached skill level 17 in Axes
 22056 | Lair:3   | Found a dark tunnel.
 22079 | Volcano  | Entered a volcano
 22465 | Lair:3   | Found a burning altar of Makhleb.
 22544 | Lair:3   | Found a staircase to the Snake Pit.
 23018 | Lair:3   | Found a staircase to the Swamp.
 23045 | Lair:3   | Reached XP level 14. HP: 118/126 MP: 15/15
 23854 | Lair:5   | Found a staircase to the Slime Pits.
 23903 | Lair:4   | Reached skill level 18 in Axes
 26005 | Lair:6   | Entered Level 6 of the Lair of Beasts
 27515 | Lair:6   | Identified a scroll of acquirement
 27577 | Lair:6   | Got a pair of twisted boots
 28025 | Lair:6   | Identified the +1 pair of boots of Makhleb's Favour {Int+3} (You acquired it on level 6 of the Lair of Beasts)
 28626 | Lair:6   | Identified the amulet of Altruism {*Drain +Fly Regen+ Str+3} (You found it on level 6 of the Lair of Beasts)
 29369 | Snake:1  | Entered Level 1 of the Snake Pit
 29450 | Lair:3   | Reached XP level 15. HP: 33/136 MP: 16/16
 30334 | Snake:1  | Reached skill level 15 in Shields
 31007 | Snake:1  | Found a hazy altar of Hepliaklqana.
 31903 | Snake:2  | Noticed a nagaraja
 32275 | Snake:2  | Reached skill level 19 in Axes
 32279 | Snake:2  | Killed a nagaraja
 32837 | Snake:2  | Killed from afar by a shock serpent

Skill      XL: |  1  2  3  4  5  6  7  8  9 10 11 12 13 14 15 |
---------------+----------------------------------------------+-----
Shields        | 4 5 7 8 9 10 11 13 14 15 | 15.5
Armour         | 4 5 6 7 8 9 10 11 12 13 | 13.8
Axes           | 3 4 5 6 7 9 12 13 15 16 17 18 19 | 19.0
Fighting       | 4 5 7 9 10 12 13 14 | 14.1
Dodging        | 1 2 3 4 |  4.8
Stealth        | 1 2 3 |  3.2
Evocations     | 2 |  2.8
Polearms       | 1 3 |  3.6

Action                   |  1- 3 |  4- 6 |  7- 9 | 10-12 | 13-15 || total
-------------------------+-------+-------+-------+-------+-------++-------
Melee: War axe           |    82 |   109 |   281 |   829 |    43 ||  1344
       Headbutt          |     7 |    25 |    70 |   237 |   282 ||   621
       Spear             |       |       |       |    12 |    54 ||    66
       Broad axe         |       |       |       |       |   809 ||   809
Evoke: Wand              |       |       |     7 |    13 |    16 ||    36
  Use: Potion            |       |     6 |       |     1 |     2 ||     9
       Scroll            |       |       |    11 |    13 |    18 ||    42
 Stab: Confused          |       |       |       |     4 |       ||     4
  Eat: Chunk             |     1 |     3 |     7 |    26 |    13 ||    50
       Ration            |       |     1 |     2 |     3 |     9 ||    15
Armor: Scale mail        |    42 |    59 |    63 |       |       ||   164
       Storm dragon scal |       |       |    33 |     6 |       ||    39
       Plate armour      |       |       |       |   103 |   302 ||   405
       Chain mail        |       |       |       |   139 |       ||   139
Dodge: Dodged            |    20 |    40 |    77 |   179 |   200 ||   516
       Deflected         |       |       |       |     6 |     4 ||    10
Block: Shield            |    39 |    79 |   140 |   435 |   728 ||  1421
